 Dungeon Crawl Stone Soup version 0.21-a0-133-gf55ed5b (webtiles) character file.

139 MatthieuS the Grave Robber (level 5, -4/38 HPs)
             Began as a Ghoul Necromancer on July 17, 2017.
             Slain by Crazy Yiuf
             ... wielding a +3 quarterstaff of chaos
              (11 damage)
             ... on level 3 of the Dungeon.
             The game lasted 00:09:56 (3050 turns).

MatthieuS the Grave Robber (Ghoul Necromancer)      Turns: 3050, Time: 00:09:57

Health: -4/38      AC:  5    Str: 11 (12) XL:     5   Next: 22%
Magic:  0/8        EV: 11    Int: 13 (16) God:
Gold:   139        SH:  0    Dex:  3 (9)  Spells: 1/9 levels left

rFire    . . .     SeeInvis .   q - +0 dagger (freeze)
rCold    + . .     Gourm    .   (no shield)
rNeg     + + +     Faith    .   a - +0 robe
rPois    ∞         Spirit   .   (no helmet)
rElec    .         Reflect  .   p - +1 cloak
rCorr    .         Harm     .   (no gloves)
MR       .....                  k - +0 pair of boots
Stlth    +.........             (no amulet)
HPRegen  0.00/turn              e - +5 ring of intelligence
MPRegen  0.11/turn              (no ring)

@: very slightly contaminated, rotting
A: rotting body, claws 1, carnivore 3, cold resistance 1, negative energy
resistance 3, inhibited regeneration, torment resistance, unbreathing
a: no special abilities


You were on level 3 of the Dungeon.
You were not hungry.

You visited 1 branch of the dungeon, and saw 3 of its levels.

You collected 139 gold pieces.

Inventory:

Hand Weapons
 j - a +0 short sword of venom
 q - a +0 dagger of freezing (weapon)
Missiles
 d - 47 sling bullets
Armour
 a - a +0 robe (worn)
 k - a +0 pair of boots (worn)
 p - a +1 cloak (worn)
 v - a +0 leather armour
Jewellery
 e - a +5 ring of intelligence (left claw)
 s - an uncursed ring of fire
 u - an uncursed amulet of regeneration {unknown}
Scrolls
 f - a scroll of noise {unknown}
 h - a scroll of amnesia {unknown}
 o - a scroll of magic mapping {unknown}
 r - a scroll of recharging {unknown}
 t - 3 scrolls of remove curse {unknown}
Potions
 n - a potion of curing
Books
 b - a book of Necromancy

   Spells                             Type                      Level
   a - Pain                           Necromancy                   1
   b - Animate Skeleton               Necromancy                   1
   c - Vampiric Draining              Necromancy                   3
   d - Regeneration                   Charms/Necromancy            3
   e - Animate Dead                   Necromancy                   4
   f - Control Undead                 Necromancy                   4
Comestibles
 c - 3 meat rations
 l - a chunk of flesh
 m - a royal jelly


   Skills:
 - Level 1.7 Dodging
 - Level 2.1 Stealth
 + Level 2.9 Spellcasting
 * Level 5.6 Necromancy


You had one spell level left.
You knew the following spells:

 Your Spells              Type           Power        Failure   Level  Hunger
a - Pain                  Necr           ###.         2%          1    #......
b - Animate Skeleton      Necr           N/A          2%          1    #......
c - Vampiric Draining     Necr           ###.......   7%          3    ###....
d - Regeneration          Chrm/Necr      #.........   22%         3    ###....


Dungeon Overview and Level Annotations

Branches:
Dungeon (3/15)

Altars:

Annotations:
D:3 Crazy Yiuf, Jessica


Innate Abilities, Weirdness & Mutations

Your body is rotting away.
You thrive on raw meat.
You are immune to poison.
You have sharp fingernails.
You are carnivorous and can eat meat at any time.
Your flesh is cold resistant. (rC+)
You are immune to negative energy. (rN+++)
You do not regenerate when monsters are visible.
You are immune to unholy pain and torment.
You can survive without breathing.


Message History

Crazy Yiuf closely misses you.
You hit Crazy Yiuf but do no damage.
Crazy Yiuf is moderately wounded.
You barely miss Crazy Yiuf.
Crazy Yiuf is moderately wounded.
Crazy Yiuf hits you but does no damage.
Casting: Pain
Confirm with . or Enter, or press ? or * to list all spells.
Aiming: Pain
Press: ? - help, Shift-Dir - straight line, f/p - Crazy Yiuf
Aim: Crazy Yiuf, wielding a quarterstaff of chaos and wearing a cloak (moderately wounded, unusually resistant, chance to defeat MR: 81%) Crazy Yiuf writhes in agony!
Crazy Yiuf cries, "Prologue!
Powder water ragdoll."
Crazy Yiuf hits you with a quarterstaff of chaos.
You are electrocuted!
* * * LOW HITPOINT WARNING * * *
You hit Crazy Yiuf but do no damage.
Crazy Yiuf is heavily wounded.
Crazy Yiuf hits you with a quarterstaff of chaos!
You die...

##.#...# ##.......# #............
##.#...# #..####.# #............
##.....####..#....# ######.......
#......'.########## #....###.
...#...### #....# #. ...'..##
♣♣♣♣♣###...# ## ...#### ####
♣♣♣.♣....######## .....#
#...#♣..♣............. .###.#####
#..@g@♣♣♣♣......###### .##......#
#)..#♣♣ ♣♣.....# #. .......###
#### ♣♣##..# ##. .........# #..#
##.. .#.....#.# #..# #..#
.#.#####.######## #####..# #.##
.#.#####......#.#####'##...###'##
.#.#...............##.##.........
.#.#.####+###.##'#.##.........(..


You could see Crazy Yiuf and Jessica.

Vanquished Creatures
  Natasha (D:3)
  3 adders
  2 worms (D:2)
  4 dart slugs
  2 leopard geckos
  4 orcs (D:3)
  5 bats
  3 giant cockroaches
  5 goblins
  5 hobgoblins
  7 jackals
  11 kobolds
  2 quokkas
  5 frilled lizards
  9 rats
68 creatures vanquished.

Vanquished Creatures (collateral kills)
  3 goblins
3 creatures vanquished.

Grand Total: 71 creatures vanquished

Notes
Turn   | Place    | Note
-------+----------+-------------------------------------------
     0 | D:1      | MatthieuS the Ghoul Necromancer began the quest for the Orb.
     0 | D:1      | Reached XP level 1. HP: 14/14 MP: 2/2
   538 | D:1      | Reached XP level 2. HP: 20/20 MP: 1/3
   544 | D:1      | Learned a level 1 spell: Animate Skeleton
  1039 | D:1      | Reached XP level 3. HP: 24/26 MP: 5/5
  1662 | D:2      | Learned a level 3 spell: Vampiric Draining
  1736 | D:2      | Reached skill level 5 in Necromancy
  1793 | D:2      | Reached XP level 4. HP: 24/33 MP: 0/6
  2574 | D:3      | Learned a level 3 spell: Regeneration
  2879 | D:3      | Noticed Natasha
  2886 | D:3      | Killed Natasha
  2886 | D:3      | Reached XP level 5. HP: 31/38 MP: 2/8
  3026 | D:3      | Found a runed door.
  3032 | D:3      | Noticed Crazy Yiuf
  3032 | D:3      | Noticed Jessica
  3050 | D:3      | Slain by Crazy Yiuf

Vault maps used:
D:1:      dpeg_arrival_circle_labyrinth_b, due_unseen_surprise
D:3:      minmay_door_path, uniq_sigmund, uniq_crazy_yiuf_cottage, uniq_jessica,
          uniq_natasha

Skill      XL: |  1  2  3 |
---------------+----------+-----
Spellcasting   | 2 |  2.9
Necromancy     | 5 |  5.6
Dodging        | |  1.7
Stealth        | |  2.1

Action                   |  1- 3 |  4- 6 || total
-------------------------+-------+-------++-------
Melee: Club              |    11 |       ||    11
       Unarmed           |    18 |       ||    18
       Short sword       |    44 |       ||    44
       Dagger            |     8 |    42 ||    50
 Cast: Pain              |    31 |    52 ||    83
       Animate Skeleton  |     8 |     4 ||    12
       Regeneration      |       |     1 ||     1
  Use: Scroll            |       |     3 ||     3
       Potion            |       |     3 ||     3
 Stab: Distracted        |     1 |       ||     1
       Sleeping          |     1 |     1 ||     2
  Eat: Chunk             |     5 |     3 ||     8
Armor: Robe              |    20 |    12 ||    32
Dodge: Dodged            |    68 |    41 ||   109
